 Dungeon Crawl Stone Soup version 0.29.0-4-gdea44cf6ec (webtiles) character file.

Game seed: 8223627993435748042

684 qw the Cleaver (level 7, -14/41 HPs)
             Began as a Tengu Warper on Aug 28, 2022.
             Killed from afar by Dowan (27 damage)
             ... with a shard of ice
             ... on level 4 of the Dungeon.
             The game lasted 00:00:26 (4750 turns).

qw the Cleaver (Tengu Warper)                       Turns: 4750, Time: 00:00:26

Health: -14/41     AC: 12    Str: 14    XL:     7   Next: 62%
Magic:  11/11      EV:  5    Int: 13    God:
Gold:   177        SH:  0    Dex: 13    Spells: 10/10 levels left

rFire   . . .      SeeInvis .   g - +2 hand axe (flame)
rCold   . . .      Faith    .   (no shield)
rNeg    . . .      Spirit   .   j - +1 plate armour
rPois   .          Reflect  .   (helmet restricted)
rElec   .          Harm     .   (no cloak)
rCorr   .          Rampage  .   (no gloves)
Will    +....                   (boots unavailable)
Stlth   ..........              (no amulet)
HPRegen 0.93/turn               (no ring)
MPRegen 0.12/turn               (no ring)

@: flying quickly and evasively, quick
A: beak, talons 3, nimble flight, strong-willed 1, regeneration 1
a: no special abilities


You were on level 4 of the Dungeon.
You visited 1 branch of the dungeon, and saw 4 of its levels.
You also visited: Sewer.

You collected 177 gold pieces.


Innate Abilities, Weirdness & Mutations

You have a beak for a mouth.
You have claws for feet.
Your magical nature lets you fly swiftly and evasively.
You are strong-willed. (Will+)
Your natural rate of healing is unusually fast.


   Skills:
 - Level 3.0 Fighting
 + Level 8.3 Axes
 - Level 1.0 Throwing
 - Level 3.0 Armour
 - Level 2.1 Dodging
 - Level 2.0 Spellcasting
 - Level 2.4 Translocations


You had 10 spell levels left.
You didn't know any spells.
Your spell library contained the following spells:

 Spells                   Type           Power      Damage    Failure   Level
 Blink                    Tloc           14%        N/A       100%        2
 Gell's Gravitas          Tloc           7%         N/A       100%        3
 Lesser Beckoning         Tloc           7%         N/A       100%        3
 Teleport Other           Tloc           7%         N/A       100%        3
 Manifold Assault         Tloc           7%         N/A       100%        5

Inventory:

Hand Weapons
 g - a +2 hand axe of flaming (weapon)
Armour
 j - a +1 plate armour (worn)
Jewellery
 h - a ring of protection from fire
Scrolls
 d - 3 scrolls of teleportation
 f - 2 scrolls of identify
 k - 2 scrolls of magic mapping {unknown}
Potions
 a - 2 potions of mutation
 b - a potion of might
 c - 3 potions of curing
 e - a potion of degeneration {unknown}
 i - a potion of haste
 l - a potion of invisibility {unknown}
 m - a potion of lignification {unknown}
 n - a potion of heal wounds {unknown}

Dungeon Overview and Level Annotations

Branches:
Dungeon (4/15)              Sewer (visited)
 Temple: D:4-7

Altars:
Nemelex Xobeh
Qazlal

Annotations:
D:4 Dowan


Message History

Dowan blinks!
Dowan shakes with grief.
Things that are here:
a +0 short sword; a +0 ring mail You hit Dowan.
You burn Dowan.
Dowan is severely wounded.
Dowan drinks a potion.
Dowan is healed!
You hit Dowan but do no damage.
Dowan is moderately wounded.
Dowan hits you with a +0 vampiric dagger.
Dowan draws strength from your wounds! Dowan hits you but does no damage.
You hit Dowan but do no damage. You claw Dowan.
Dowan is moderately wounded.
Dowan hits you but does no damage.
You hit Dowan but do no damage. Your kick misses Dowan. Your peck misses Dowan.
Dowan is moderately wounded.
Dowan gestures at you while chanting.
The shard of ice hits you but does no damage.
You closely miss Dowan.
Dowan is moderately wounded.
Dowan hits you with a +0 vampiric dagger. x2
Dowan draws strength from your wounds!
You hit Dowan. You burn Dowan. You claw Dowan.
Dowan is severely wounded.
Dowan hits you with a +0 vampiric dagger.
Dowan draws strength from your wounds!
You closely miss Dowan. Your kick misses Dowan.
Dowan is heavily wounded.
Dowan hits you but does no damage.
You completely miss Dowan. Your kick misses Dowan.
Dowan is heavily wounded.
Dowan hits you with a +0 vampiric dagger.
Dowan draws strength from your wounds!
Dowan hits you with a +0 vampiric dagger.
You hit Dowan. You burn Dowan. You claw Dowan.
Dowan is severely wounded.
Dowan casts a spell at you. The shard of ice hits you!!
Ouch! That really hurt!
You die...

#.# ### #.# ##.##
#.#######....
#...........#
#..########.#
######..# #.#
#.......# #.#
#.#####.# #.# #@#
#.# #.# #e#
#.########.# #.#
###.._.......# #.#
#.......###### #.#
#.#.###.# #.#
#.#)###.# #.#
#.#.<##.######
#.###.#...........
.........##.#####.


You could see Dowan (fast).

Vanquished Creatures
  Duvessa (D:4)
  A phantom (D:4)
  3 kobold brigands (Sewer)
  A jelly (D:4)
  Natasha (thrice) (D:2)
  7 gnolls (D:4)
  An adder (Sewer)
  A river rat (Sewer)
  3 worms
  2 dart slugs
  An orc (D:4)
  8 ball pythons
  2 bats
  10 endoplasms
  8 giant cockroaches
  7 hobgoblins
  7 jackals
  8 kobolds
  7 quokkas
  3 frilled lizards
  8 goblins
  6 rats
98 creatures vanquished.

Vanquished Creatures (others)
  A fungus (D:2)
1 creature vanquished.

Grand Total: 99 creatures vanquished

Notes
Turn   | Place    | Note
-------+----------+-------------------------------------------
     0 | D:1      | qw the Tengu Warper began the quest for the Orb.
     0 | D:1      | Reached XP level 1. HP: 12/12 MP: 4/4
     0 | D:1      | 0 ||| qw: Version: 0.1-a-89-g26bdef1
     0 | D:1      | 0 ||| qw: Game counter: 47
     0 | D:1      | 0 ||| qw: Always use a shield: true
     0 | D:1      | 0 ||| qw: God list: Okawaru
     0 | D:1      | 0 ||| qw: Allow faded altars: false
     0 | D:1      | 0 ||| qw: Do Orc after D:15 true
     0 | D:1      | 0 ||| qw: Do second Lair branch before Depths: true
     0 | D:1      | 0 ||| qw: Lair rune preference: random
     0 | D:1      | 0 ||| qw: Plans: Normal
     0 | D:1      | 0 ||| PLANNING D:1-11
   154 | D:1      | 154 ||| Stepping ~*~*~tactically~*~*~ (stealth).
   159 | D:1      | 159 ||| Stepping ~*~*~tactically~*~*~ (stealth).
   160 | D:1      | 160 ||| Stepping ~*~*~tactically~*~*~ (stealth).
   162 | D:1      | 162 ||| Stepping ~*~*~tactically~*~*~ (stealth).
   178 | D:1      | 178 ||| Stepping ~*~*~tactically~*~*~ (stealth).
   184 | D:1      | Reached XP level 2. HP: 17/17 MP: 6/6
   237 | D:1      | Reached skill level 3 in Axes
   251 | D:1      | 251 ||| Stepping ~*~*~tactically~*~*~ (stealth).
   263 | D:1      | 263 ||| Stepping ~*~*~tactically~*~*~ (stealth).
   356 | D:1      | 356 ||| Stepping ~*~*~tactically~*~*~ (stealth).
   357 | D:1      | 357 ||| Stepping ~*~*~tactically~*~*~ (stealth).
   359 | D:1      | 359 ||| Stepping ~*~*~tactically~*~*~ (stealth).
   361 | D:1      | 361 ||| Stepping ~*~*~tactically~*~*~ (stealth).
   719 | D:1      | Reached XP level 3. HP: 21/21 MP: 7/7
   788 | D:1      | 788 ||| Stepping ~*~*~tactically~*~*~ (stealth).
   885 | D:1      | 885 ||| Stepping ~*~*~tactically~*~*~ (stealth).
   892 | D:1      | Reached skill level 4 in Axes
  1064 | D:1      | 1064 ||| READING 2 scrolls labelled YMUM BOAJUERA.
  1065 | D:1      | 1065 ||| READING scroll labelled XADGHY BUSHOL.
  1070 | D:1      | 1070 ||| READING scroll labelled VEFEEBRALEKK.
  1071 | D:1      | 1071 ||| READING scroll labelled ROCABR VETYNA.
  1072 | D:1      | 1072 ||| READING scroll labelled QAIDIDE ATIDOJ.
  1073 | D:1      | 1073 ||| DROPPING scroll of blinking.
  1199 | D:2      | 1199 ||| SWAPPING to +2 hand axe of flaming.
  1200 | D:2      | 1200 ||| DROPPING +0 whip.
  1201 | D:2      | 1201 ||| DROPPING +1 hand axe.
  1425 | D:2      | Found a faded altar of an unknown god.
  1439 | D:2      | 1439 ||| Stepping ~*~*~tactically~*~*~ (stealth).
  1442 | D:2      | 1442 ||| Stepping ~*~*~tactically~*~*~ (stealth).
  1495 | D:2      | Noticed Natasha
  1496 | D:2      | 1496 ||| Stepping ~*~*~tactically~*~*~ (stealth).
  1499 | D:2      | HP: 3/21 [Natasha/puff of flame (8)]
  1501 | D:2      | Killed Natasha
  1502 | D:2      | Reached XP level 4. HP: 4/26 MP: 8/8
  1775 | D:2      | Noticed Natasha
  1780 | D:2      | Killed Natasha
  1781 | D:2      | Reached skill level 5 in Axes
  1934 | D:2      | Noticed Natasha
  1935 | D:2      | 1935 ||| FLEEEEING.
  1936 | D:2      | 1936 ||| FLEEEEING.
  1937 | D:2      | 1937 ||| FLEEEEING.
  1938 | D:2      | 1938 ||| FLEEEEING.
  1939 | D:2      | 1939 ||| FLEEEEING.
  1940 | D:2      | 1940 ||| FLEEEEING.
  1941 | D:2      | 1941 ||| FLEEEEING.
  1942 | D:2      | 1942 ||| FLEEEEING.
  1950 | D:2      | 1950 ||| STAIRDANCE
  2056 | D:1      | 2056 ||| DROPPING orb of light.
  2057 | D:1      | 2057 ||| DRINKING 2 pink potions.
  2060 | D:2      | 2060 ||| STAIRDANCE
  2184 | D:2      | HP: 3/26 [Natasha (4)]
  2186 | D:2      | Killed Natasha
  2187 | D:2      | Gained mutation: Your magical nature lets you fly swiftly
                  | and evasively. [Tengu growth]
  2187 | D:2      | Reached XP level 5. HP: 4/30 MP: 9/9
  2187 | D:2      | 2187 ||| STAIRDANCE
  2659 | D:2      | 2659 ||| READING scroll of teleportation.
  2697 | D:3      | 2697 ||| PLANNING SEWER
  2791 | D:3      | 2791 ||| Stepping ~*~*~tactically~*~*~ (stealth).
  2796 | D:3      | 2796 ||| Stepping ~*~*~tactically~*~*~ (stealth).
  2799 | D:3      | 2799 ||| Stepping ~*~*~tactically~*~*~ (stealth).
  2805 | D:3      | 2805 ||| Stepping ~*~*~tactically~*~*~ (stealth).
  2921 | D:3      | You are sucked into a shaft and drop 1 floor!
  2954 | D:4      | 2954 ||| UPGRADING to +0 ring mail.
  2964 | D:4      | 2964 ||| DROPPING +0 leather armour.
  2965 | D:4      | 2965 ||| DRINKING 2 sapphire potions.
  3006 | D:3      | Found a stormy altar of Qazlal.
  3090 | D:3      | 3090 ||| Stepping ~*~*~tactically~*~*~ (stealth).
  3092 | D:3      | 3092 ||| Stepping ~*~*~tactically~*~*~ (stealth).
  3282 | D:3      | Found a glowing drain.
  3316 | D:3      | 3316 ||| UPGRADING to +0 plate armour.
  3326 | D:3      | 3326 ||| DROPPING +0 ring mail.
  3327 | D:3      | 3327 ||| READING scroll of enchant armour.
  3327 | D:3      | 3327 ||| ENCHANTING +0 plate armour.
  3333 | Sewer    | Entered a sewer
  3336 | Sewer    | 3336 ||| Stepping ~*~*~tactically~*~*~ (stealth).
  3374 | Sewer    | 3374 ||| Stepping ~*~*~tactically~*~*~ (stealth).
  3436 | Sewer    | Noticed a kobold brigand
  3447 | Sewer    | Killed a kobold brigand
  3448 | Sewer    | Reached skill level 6 in Axes
  3448 | Sewer    | Reached XP level 6. HP: 33/35 MP: 10/10
  3504 | Sewer    | Reached skill level 7 in Axes
  3572 | Sewer    | 3572 ||| Stepping ~*~*~tactically~*~*~ (stealth).
  3585 | Sewer    | Reached skill level 3 in Fighting
  3622 | Sewer    | 3622 ||| DRINKING 3 viscous emerald potions.
  3622 | Sewer    | Gained mutation: Your natural rate of healing is unusually
                  | fast. [potion of mutation]
  3622 | Sewer    | Gained mutation: You are strong-willed. (Will+) [potion of
                  | mutation]
  3623 | Sewer    | 3623 ||| DRINKING 3 green potions.
  3624 | Sewer    | 3624 ||| READING 2 scrolls of identify.
  3624 | Sewer    | 3624 ||| IDENTIFYING golden potion
  3625 | Sewer    | 3625 ||| DROPPING 2 potions of magic.
  3626 | Sewer    | 3626 ||| DROPPING potion of berserk rage.
  3651 | D:3      | 3651 ||| PLANNING D:1-11
  3927 | D:3      | 3927 ||| READING 2 scrolls of teleportation.
  3928 | D:3      | 3928 ||| STAIRDANCE
  4247 | D:4      | 4247 ||| Stepping ~*~*~tactically~*~*~ (hiding).
  4254 | D:4      | Reached XP level 7. HP: 32/41 MP: 11/11
  4257 | D:4      | Reached skill level 3 in Armour
  4558 | D:4      | Found a sparkling altar of Nemelex Xobeh.
  4587 | D:4      | 4587 ||| Stepping ~*~*~tactically~*~*~ (hiding).
  4608 | D:4      | HP: 8/41 [gnoll/+0 halberd (7)]
  4609 | D:4      | 4609 ||| READING 4 scrolls of teleportation.
  4725 | D:4      | Noticed Duvessa
  4725 | D:4      | Noticed Dowan
  4738 | D:4      | Killed Duvessa
  4739 | D:4      | Reached skill level 8 in Axes
  4750 | D:4      | Killed from afar by Dowan

Levels and vault maps discovered:
D:1:      minmay_arrival_radiant_lines, layout_basic
D:2:      layout_loops_cross, shapermc_ecumenical_altar_ellora, uniq_natasha
D:3:      layout_basic, nicolae_qazlal_general_emergency, gup_sewer_entry_pipe
D:4:      nicolae_cairo_tiling_large, layout_loops_ring,
          overflow_temple_1_default, uniq_duvessa

Skill      XL: |  1  2  3  4  5  6  7 |
---------------+----------------------+-----
Axes           | 3 4 5 6 7 8 |  8.3
Armour         | 2 3 |  3.0
Fighting       | 3 |  3.0
Throwing       | |  1.0
Dodging        | |  2.1
Spellcasting   | |  2.0
Translocations | |  2.4

Action                   |  1- 3 |  4- 6 |  7- 9 || total
-------------------------+-------+-------+-------++-------
Melee: Hand axe          |    62 |    81 |    62 ||   205
       Kick              |    16 |    19 |    16 ||    51
       Peck              |    11 |    12 |    11 ||    34
       Punch             |     1 |     2 |     3 ||     6
Throw: Boomerang         |    27 |    60 |       ||    87
  Use: Scroll            |     5 |     4 |     1 ||    10
       Potion            |       |     4 |       ||     4
Armor: Leather armour    |    11 |     3 |       ||    14
       Plate armour      |       |    23 |    23 ||    46
Dodge: Dodged            |    20 |    20 |     5 ||    45

Table legend:
 A = Non-vault XP
 B = Vault XP
 C = Vault XP percentage of total XP
 D = Non-vault monster count
 E = Vault monster count
 F = Vault count percentage of total count
                 A         B        C        D         E       F
            +---------+---------+-------+---------+---------+-------
      Total |     441 |     537 |  54.9 |      76 |      22 |  22.4
            +---------+---------+-------+---------+---------+-------
        D:1 |      46 |       0 |   0.0 |      25 |       0 |   0.0
        D:2 |      93 |      32 |  25.6 |      15 |       1 |   6.2
        D:3 |      25 |      12 |  32.4 |      14 |       6 |  30.0
        D:4 |     277 |     147 |  34.7 |      22 |       1 |   4.3
      Sewer |       0 |     346 | 100.0 |       0 |      14 | 100.0
            +---------+---------+-------+---------+---------+-------
